 Dungeon Crawl Stone Soup version 0.22.1-1-ga44c0e5 (webtiles) character file.

2041 Iscandelvey the Magician (level 8, -5/57 HPs)
             Began as a Demigod Wizard on Oct 2, 2018.
             Slain by a killer bee (8 damage)
             ... on level 7 of the Dungeon.
             The game lasted 00:56:10 (8740 turns).

Iscandelvey the Magician (Demigod Wizard)           Turns: 8740, Time: 00:56:11

Health: -5/57      AC:  6    Str: 15    XL:     8   Next: 74%
Magic:  20/22      EV: 13    Int: 31    God:
Gold:   401        SH:  7    Dex: 14    Spells: 10/21 levels left

rFire    . . .     SeeInvis .   w - +2 mace (holy)
rCold    + . .     Gourm    .   G - +2 buckler
rNeg     . . .     Faith    .   B - +1 leather armour {rC+}
rPois    .         Spirit   .   I - +0 helmet
rElec    .         Reflect  +   (no cloak)
rCorr    .         Harm     .   m - +0 pair of gloves
MR       .....                  (no boots)
Stlth    +.........             K - +2 amulet of reflection
HPRegen  0.19/turn              e - +5 ring of intelligence
MPRegen  0.18/turn              n - ring of attention (curse)

@: mighty, lethally poisoned (-5 -> -19), about to teleport
A: high mp 1
a: no special abilities


You were on level 7 of the Dungeon.
You were not hungry.

You visited 1 branch of the dungeon, and saw 7 of its levels.
You also visited: Sewer.

You collected 401 gold pieces.

Inventory:

Hand Weapons
 p - a +0 rapier
 w - a +2 mace of holy wrath (weapon)
 C - a +0 shortbow
 V - the +9 hand crossbow of Taxation {venom, *Slow rC+ Str+2 Int+3}
   (You found it on level 7 of the Dungeon)

   It poisons the ammo it fires.
   It affects your strength (+2).
   It affects your intelligence (+3).
   It protects you from cold.
   It may slow you when you take damage.
Missiles
 D - 57 arrows
 E - 6 exploding tomahawks (quivered)
Armour
 a - a +0 robe
 b - a +0 hat
 m - a +0 pair of gloves (worn)
 v - a +0 pair of gloves
 B - a +1 leather armour of cold resistance (worn)
 G - a +2 buckler (worn)
 I - a +0 helmet (worn)
 Q - a +1 robe of positive energy
Magical Staves
 M - an uncursed staff of air
Jewellery
 e - a +5 ring of intelligence (left hand)
 n - a cursed ring of attention (right hand)
 r - an uncursed amulet of rage
 F - an uncursed ring of fire
 K - a +2 amulet of reflection (around neck)
 T - an uncursed ring of stealth
Wands
 J - a wand of digging (20)
 L - a wand of flame (24)
 N - a wand of disintegration (16)
 S - a wand of paralysis (16)
Scrolls
 j - a scroll of enchant weapon {unknown}
 o - 3 scrolls of immolation
 q - 6 scrolls of identify
 s - 5 scrolls of teleportation
 t - 2 scrolls of fog {unknown}
 A - 3 scrolls of remove curse
 H - a scroll of noise {unknown}
 O - a scroll of enchant armour {unknown}
 R - a scroll of random uselessness {unknown}
Potions
 c - a potion of berserk rage {unknown}
 f - a potion of lignification {unknown}
 g - 2 potions of might
 h - a potion of haste
 i - a potion of agility {unknown}
 k - 2 potions of resistance {unknown}
 l - a potion of mutation {unknown}
 u - a potion of degeneration {unknown}
 z - a potion of curing {unknown}
 U - a potion of heal wounds {unknown}
Miscellaneous
 x - a phial of floods
 y - a phantom mirror
Comestibles
 d - 13 rations
 P - 3 chunks of flesh


   Skills:
 + Level 1.8 Armour
 + Level 3.9 Dodging
 + Level 3.0 Stealth
 * Level 7.2 Spellcasting
 * Level 5.7 Conjurations
 + Level 1.1 Summonings
 + Level 1.4 Translocations
 + Level 0.9 Fire Magic
 + Level 1.0 Air Magic
 + Level 0.7 Poison Magic


You had 10 spell levels left.
You knew the following spells:

 Your Spells              Type           Power        Failure   Level  Hunger
a - Magic Dart            Conj           ####         1%          1    None
b - Blink                 Tloc           N/A          8%          2    None
c - Call Imp              Summ           ###.....     9%          2    None
d - Conjure Flame         Conj/Fire      ####....     7%          3    None
e - Mephitic Cloud        Conj/Pois/Air  ####....     10%         3    None

Your spell library contained the following spells:

 Spells                   Type           Power        Failure   Level  Hunger
 Slow                     Hex            ##......     14%         2    None


Dungeon Overview and Level Annotations

Branches:
Dungeon (7/15)             Temple (0/1) D:7

Annotations:
D:6 exclusion: cyclops


Innate Abilities, Weirdness & Mutations

You have an increased reservoir of magic. (+10% MP)


Message History

Okay, then.
Casting: Blink (safe; 9% risk of failure)
Confirm with . or Enter, or press ? or * to list all spells.
You blink.
* * * LOW HITPOINT WARNING * * *
You feel sick.
As you read the scroll of teleportation, it crumbles to dust.
You feel strangely unstable.
* * * LOW HITPOINT WARNING * * *
You feel sick. The killer bee stings you.
* * * LOW HITPOINT WARNING * * *
You are more poisoned.
The killer bee poisons you!
The orc wizard gestures at you while chanting.
The puff of frost misses you. You block the killer bee's attack.
It was a potion of might.
You feel very mighty all of a sudden.
* * * LOW HITPOINT WARNING * * *
You feel sick. The killer bee stings you!
You die...

.# #..........# .#
######.##### .# #.#
.####### #.###
.......# ##.#.ยง#
.......# #.###.#
######## #####..#
##.#..###...y..#
..# #..#
##.yy..##.####.#
#.# #..#
#...@...#.##
#...y... ..# #..#
#........o.#
###.###. ### #..#
#.......#o.# .#
#..# ##.....##..# #
#..# ##.[.###.o#
#..# ###.. .....
#####..##
#.###..###
........# #.# #..#
..###.#.#########.#
#oo>


You could see 2 killer bees, an orc priest and an orc wizard.

Vanquished Creatures
  Sigmund (D:6)
  An orc warrior (D:5)
  An ice beast (D:5)
  A sky beast (D:7)
  3 ogres
  2 centaurs (D:5)
  4 bullfrogs
  2 scorpions
  A water moccasin skeleton (D:6)
  A killer bee (D:7)
  A howler monkey (D:6)
  A crimson imp (D:6)
  A quasit (D:6)
  2 orc priests (D:3)
  4 hounds
  2 iguanas (D:6)
  2 orc wizards
  4 worker ants
  A hound zombie (D:7)
  A hound skeleton (D:7)
  A howler monkey zombie (D:6)
  A worker ant zombie (D:5)
  3 gnolls (D:7)
  7 adders
  A river rat (D:4)
  2 oozes
  An adder skeleton (D:5)
  A worm (D:2)
  2 dart slugs
  6 leopard geckos
  17 orcs
  4 ball pythons
  3 bats (D:1)
  13 giant cockroaches
  5 goblins
  5 hobgoblins
  3 jackals (D:1)
  A quokka (D:3)
  6 frilled lizards
  7 kobolds
  A quokka skeleton (D:6)
  11 rats
137 creatures vanquished.

Vanquished Creatures (collateral kills)
  An adder (D:1)
  A quokka (D:1)
2 creatures vanquished.

Grand Total: 139 creatures vanquished

Notes
Turn   | Place    | Note
-------+----------+-------------------------------------------
     0 | D:1      | Iscandelvey the Demigod Wizard began the quest for the Orb.
     0 | D:1      | Reached XP level 1. HP: 14/14 MP: 6/6
   122 | D:1      | Reached skill level 3 in Spellcasting
   254 | D:1      | Reached XP level 2. HP: 20/20 MP: 4/8
   258 | D:1      | Learned a level 2 spell: Blink
   261 | D:1      | Learned a level 2 spell: Call Imp
   285 | D:1      | Reached skill level 1 in Conjurations
   939 | D:2      | Found an iron altar of Okawaru.
   992 | D:2      | Reached XP level 3. HP: 26/26 MP: 8/10
  1015 | D:2      | Learned a level 3 spell: Conjure Flame
  2554 | D:3      | Reached XP level 4. HP: 25/33 MP: 5/12
  2654 | D:3      | Reached skill level 1 in Summonings
  2682 | D:3      | Reached skill level 4 in Spellcasting
  2800 | D:3      | Found a shattered altar of Ashenzari.
  2907 | D:3      | Learned a level 3 spell: Mephitic Cloud
  3191 | D:3      | Reached XP level 5. HP: 33/38 MP: 10/14
  3850 | D:4      | Noticed an ogre
  3862 | D:4      | Killed an ogre
  3985 | D:4      | Reached XP level 6. HP: 45/45 MP: 2/16
  4104 | D:4      | Found a glowing drain.
  4280 | Sewer    | Entered a sewer
  4623 | Sewer    | Reached skill level 5 in Spellcasting
  4623 | Sewer    | Reached skill level 1 in Translocations
  4762 | D:4      | Reached XP level 7. HP: 50/50 MP: 4/18
  5099 | D:5      | Entered Level 5 of the Dungeon
  5118 | D:5      | Reached skill level 1 in Air Magic
  6253 | D:5      | Reached skill level 6 in Spellcasting
  6618 | D:6      | Reached skill level 1 in Armour
  6618 | D:6      | Reached XP level 8. HP: 57/57 MP: 8/21
  6816 | D:6      | Noticed a cyclops
  6855 | D:5      | Reached skill level 5 in Conjurations
  7759 | D:6      | Noticed Sigmund
  7789 | D:6      | Found a white marble altar of Elyvilon.
  7790 | D:6      | Killed Sigmund
  8054 | D:6      | Found a snail-covered altar of Cheibriados.
  8056 | D:6      | Found a shimmering altar of Xom.
  8056 | D:6      | Found an ornate altar of the Wu Jian Council.
  8489 | D:7      | Reached skill level 7 in Spellcasting
  8677 | D:7      | Got a faintly glowing hand crossbow
  8678 | D:7      | Identified the +9 hand crossbow of Taxation {venom, *Slow
                  | rC+ Str+2 Int+3} (You found it on level 7 of the Dungeon)
  8688 | D:7      | Found a staircase to the Ecumenical Temple.
  8740 | D:7      | Slain by a killer bee

Skill      XL: |  1  2  3  4  5  6  7  8 |
---------------+-------------------------+-----
Spellcasting   | 3 4 5 6 7 |  7.2
Conjurations   | 1 2 3 4 5 |  5.7
Dodging        | 2 3 |  3.9
Summonings     | 1 |  1.1
Stealth        | 2 3 |  3.0
Translocations | 1 |  1.4
Air Magic      | 1 |  1.0
Armour         | 1 |  1.8
Fire Magic     | |  0.9
Poison Magic   | |  0.7

Action                   |  1- 3 |  4- 6 |  7- 9 || total
-------------------------+-------+-------+-------++-------
Melee: Rapier            |    13 |    29 |       ||    42
       Mace              |       |     4 |    74 ||    78
 Cast: Magic Dart        |   125 |   133 |   158 ||   416
       Blink             |     2 |     4 |     6 ||    12
       Call Imp          |     2 |     1 |     3 ||     6
       Conjure Flame     |     1 |     4 |    10 ||    15
       Mephitic Cloud    |       |     4 |     8 ||    12
  Use: Scroll            |       |       |     4 ||     4
       Potion            |       |       |     1 ||     1
 Stab: Confused          |       |     5 |       ||     5
  Eat: Chunk             |     4 |     8 |     9 ||    21
       Ration            |       |       |     1 ||     1
Armor: Robe              |    15 |     7 |     7 ||    29
       Leather armour    |       |       |    28 ||    28
Dodge: Dodged            |    34 |    57 |   125 ||   216
Block: Buckler           |       |       |    19 ||    19
